 Dungeon Crawl Stone Soup version 0.31-a0-361-g0f8bd3a31e (webtiles) character file.

Game seed: 4570921345930144960

193 Nedwor the Cutter (level 6, -2/38 HPs)
             Began as a Kobold Fighter on July 25, 2023.
             Was a Believer of Uskayaw.
             Slain by a phantom (5 damage)
             ... on level 4 of the Dungeon on July 27, 2023.
             The game lasted 00:04:43 (3425 turns).

Nedwor the Cutter (Kobold Fighter)                  Turns: 3425, Time: 00:04:43

Health: -2/38      AC:  7    Str: 15    XL:     6   Next: 2%
Magic:  6/6        EV: 10    Int:  9    God:    Uskayaw [**....]
Gold:   136        SH:  6    Dex: 21    Spells: 5/5 levels left

rFire   . . .        l - +2 dagger (venom)
rCold   . . .        c - +0 buckler
rNeg    . . .        b - +0 scale mail
rPois   .            i - +0 helmet
rElec   .            (no cloak)
rCorr   .            (no gloves)
SInv    .            (no boots)
Will    .....        (no amulet)
Stlth   ++           a - +6 ring of dexterity
HPRegen 0.26/turn    (no ring)
MPRegen 0.10/turn

%: no passive effects
@: no status effects
A: small, no large weapons, nightstalker 3
a: Renounce Religion, Stomp, Line Pass


You were on level 4 of the Dungeon.
You worshipped Uskayaw.
Uskayaw was noncommittal.
You visited 1 branch of the dungeon, and saw 4 of its levels.

You collected 136 gold pieces.

Inventory:

Hand Weapons
 l - a +2 dagger of venom (weapon)
Armour
 b - a +0 scale mail (worn)
 c - a +0 buckler (worn)
 i - a +0 helmet (worn)
Jewellery
 a - a +6 ring of dexterity (left hand)
 h - a ring of willpower
Wands
 j - a wand of flame (24)
Scrolls
 f - a scroll of identify
 k - a scroll of butterflies {unknown}
 n - a scroll of revelation {unknown}
Potions
 d - 5 potions of might
 e - a potion of cancellation {unknown}
 g - 2 potions of haste
 m - a potion of resistance {unknown}
 o - a potion of enlightenment {unknown}


   Skills:
 + Level 4.0 Fighting
 * Level 4.9 Short Blades
 + Level 2.9 Armour
 + Level 2.6 Stealth
 + Level 3.0 Shields
 + Level 1.0 Invocations


You had 5 spell levels left.
You didn't know any spells.
Your spell library contained the following spells:

 Spells                   Type           Power      Damage    Failure   Level
 Ensorcelled Hibernation  Hex/Ice        0%         N/A       97%         2
 Passwall                 Tmut/Erth      0%         N/A       97%         2
 Gell's Gravitas          Tloc           0%         N/A       99%         3
 Ignite Poison            Fire/Tmut/Pois 0%         N/A       99%         3
 Ozocubu's Armour         Ice            0%         N/A       99%         3
 Swiftness                Air            0%         N/A       99%         3
 Teleport Other           Tloc           0%         N/A       99%         3
 Anguish                  Hex/Necr       0%         N/A       100%        4
 Sticky Flame             Conj/Fire      0%         2d3       100%        4
 Fireball                 Conj/Fire      0%         3d3       100%        5
 Iskenderun's Battlesphe  Conj           0%         2d6       100%        5
 Metabolic Englaciation   Hex/Ice        0%         N/A       100%        5
 Conjure Ball Lightning   Conj/Air       0%         3x3d6     100%        6
 Dispersal                Tloc           0%         N/A       100%        6
 Simulacrum               Ice/Necr       0%         N/A       100%        6
 Orb of Destruction       Conj           0%         9d5       100%        7
 Ignition                 Fire           0%         3d3       100%        8


Dungeon Overview and Level Annotations

Branches:
Dungeon (4/15)
 Temple: D:4-7

Altars:
Fedhas
Uskayaw
Xom


Innate Abilities, Weirdness & Mutations

You are small and have problems with some larger weapons.
You are completely attuned to the shadows.


Message History

You are too injured to fight recklessly!
You are too injured to fight recklessly!
You are too injured to fight recklessly!
You are too injured to fight recklessly!
You are too injured to fight recklessly!
You are too injured to fight recklessly!
You are too injured to fight recklessly!
You are too injured to fight recklessly!
You are too injured to fight recklessly!
You closely miss the phantom. The phantom hits you.
* * * LOW HITPOINT WARNING * * *
The phantom hits you.
* * * LOW HITPOINT WARNING * * *
You barely miss the phantom. The phantom hits you.
* * * LOW HITPOINT WARNING * * *
The phantom blinks!
You blink.
Found a stone staircase leading down.
You can no longer pass through a line of other dancers.
The phantom barely misses you. The endoplasm freezes you.
You are frozen.
* * * LOW HITPOINT WARNING * * *
You hit the endoplasm.
The endoplasm is poisoned.
The endoplasm is severely wounded.
You hit the endoplasm.
You kill the endoplasm!
The phantom hits you but does no damage.
You barely miss the phantom.
The phantom is moderately damaged.
The phantom hits you but does no damage.
The phantom hits you.
* * * LOW HITPOINT WARNING * * *
The phantom blinks!
You blink.
You hit the phantom.
The phantom is lightly damaged.
The phantom misses you.
You can now pass through a line of other dancers.
You hit the phantom.
The phantom is moderately damaged.
The phantom hits you.
You die...

#.####.
#......
#ยง.....
####.W#####
.....J#...#
###.#.(.#
#..#J..#
#.W#####.
#.@......
#.##....#
##.###...#
........##
##...####
###.## #..#
##.##
#..###


You could see a phantom.

Vanquished Creatures
  3 orc wizards (D:4)
  Robin (D:3)
  3 adders
  A worm (D:2)
  4 dart slugs
  2 orcs (D:4)
  8 bats
  5 endoplasms
  2 giant cockroaches
  12 goblins
  7 hobgoblins
  4 quokkas
  3 ball pythons
  4 frilled lizards
  3 kobolds (D:2)
  3 rats
65 creatures vanquished.

Notes
Turn   | Place    | Note
-------+----------+-------------------------------------------
     0 | D:1      | Nedwor the Kobold Fighter began the quest for the Orb.
     0 | D:1      | Reached XP level 1. HP: 14/14 MP: 1/1
   294 | D:1      | Reached XP level 2. HP: 9/19 MP: 2/2
   894 | D:1      | Reached skill level 1 in Stealth
  1277 | D:2      | Reached XP level 3. HP: 22/23 MP: 3/3
  1576 | D:2      | Upgraded the game from 0.31-a0-358-gac0dbeb3ab to
                  | 0.31-a0-361-g0f8bd3a31e
  2133 | D:2      | Reached XP level 4. HP: 28/28 MP: 4/4
  2319 | D:2      | Found a shimmering altar of Xom.
  2466 | D:3      | Found a faded altar of an unknown god.
  2637 | D:3      | Noticed Robin
  2808 | D:3      | Killed Robin
  2830 | D:3      | Found a blossoming altar of Fedhas.
  3022 | D:3      | Noticed a +0 spear
  3022 | D:3      | Noticed a +0 short sword
  3024 | D:3      | Noticed a +0 short sword
  3024 | D:3      | Noticed a +0 dagger
  3028 | D:3      | Noticed a +0 falchion
  3029 | D:3      | Noticed a +0 falchion
  3029 | D:3      | Noticed a +0 dagger
  3114 | D:3      | Found a hide-covered altar of Uskayaw.
  3222 | D:3      | Became a worshipper of Uskayaw the Reveller
  3247 | D:4      | Reached * piety under Uskayaw
  3251 | D:4      | Reached XP level 5. HP: 29/33 MP: 5/5
  3260 | D:4      | Reached ** piety under Uskayaw
  3287 | D:4      | Reached *** piety under Uskayaw
  3288 | D:4      | Reached skill level 1 in Invocations
  3342 | D:4      | Reached XP level 6. HP: 37/38 MP: 6/6
  3425 | D:4      | Slain by a phantom

Illustrated notes

Levels and vault maps discovered:
D:1:      eino_arrival_water_star, layout_basic
D:2:      layout_loops_corners, basic_altar
D:3:      cheibrodos_thug_alley, layout_loops_cross, fedhas_altar_4,
          nicolae_uskayaw_en_pointe, hellmonk_ecumenical_altar_leap_of_faith,
          minmay_misc_feat_enclosed, uniq_robin
D:4:      layout_basic, minmay_temple_entry_junction_2, portal_sewer_entry_b,
          serial_shops, nicolae_stop_n_shop_1, minmay_distorted, uniq_edmund,
          uniq_sigmund

Skill      XL: |  1  2  3  4  5 |
---------------+----------------+-----
Short Blades   | 3 4 |  4.9
Stealth        | 1 2 |  2.6
Fighting       | 4 |  4.0
Shields        | 3 |  3.0
Invocations    | 1 |  1.0
Armour         | |  2.9

Action                     |  1- 3 |  4- 6 || total
---------------------------+-------+-------++-------
  Melee: Rapier            |    20 |       ||    20
         Dagger            |   145 |   112 ||   257
    Use: Scroll            |     5 |       ||     5
         Potion            |       |     1 ||     1
   Stab: Sleeping          |     2 |     1 ||     3
 Armour: Scale mail        |    63 |    48 ||   111
  Dodge: Dodged            |    72 |    55 ||   127
  Block: Buckler           |    30 |    17 ||    47

Table legend: (Time is in decaauts)
 A = Elapsed time spent in this place.
 B = Non-inter-level travel time spent in this place.
 C = Inter-level travel time spent in this place.
 D = Time resting spent in this place.
 E = Time spent auto-exploring this place.
 F = Levels seen in this place.
 G = Mean time per level.
                   A        B        C        D        E       F      G
               +--------+--------+--------+--------+--------+-----+--------+
         Total |   3383 |   3211 |    172 |    195 |   2451 |   4 |  845.8 |
       Dungeon |   3383 |   3211 |    172 |    195 |   2451 |   4 |  845.8 |
               +--------+--------+--------+--------+--------+-----+--------+

Top non-repeatable levels by time:
     D:2: 1331 daAuts
     D:1: 1188 daAuts
     D:3: 689 daAuts
     D:4: 174 daAuts
